 Dungeon Crawl Stone Soup version 0.23-a0-641-g0a7f1ce553 (webtiles) character file.

2816 HereIgoKillingAgain the Cleaver (level 9, -1/70 HPs)
             Began as a Hill Orc Fighter on Dec 30, 2018.
             Was a Believer of Makhleb.
             Slain by an orc warrior
             ... wielding a cursed +0 halberd
              (16 damage)
             ... on level 8 of the Dungeon.
             The game lasted 00:07:42 (7023 turns).

HereIgoKillingAgain the Cleaver (Hill Orc Fighter)  Turns: 7023, Time: 00:07:43

Health: -1/70      AC: 13    Str: 24    XL:     9   Next: 72%
Magic:  15/16      EV:  7    Int: 11    God:    Makhleb [**....]
Gold:   363        SH: 10    Dex: 16    Spells: 8/8 levels left

rFire    . . .     SeeInvis .   a - +0 war axe
rCold    . . .     Gourm    .   c - +0 shield
rNeg     . . .     Faith    .   o - +5 scale mail "Cufikhoh" {rPois}
rPois    +         Spirit   .   (no helmet)
rElec    .         Reflect  .   H - +0 cloak
rCorr    .         Harm     .   (no gloves)
MR       .....                  (no boots)
Stlth    ..........             (no amulet)
HPRegen  0.21/turn              g - +6 ring of dexterity
MPRegen  0.15/turn              r - +1 ring of slaying

@: mighty, lethally poisoned (-1 -> -2)
A: no striking features
a: Minor Destruction, Renounce Religion


You were on level 8 of the Dungeon.
You worshipped Makhleb.
Makhleb was pleased with you.
You were very hungry.

You visited 2 branches of the dungeon, and saw 9 of its levels.

You collected 363 gold pieces.

Inventory:

Hand Weapons
 a - a +0 war axe (weapon)
Missiles
 f - a throwing net (quivered)
Armour
 b - a +0 scale mail
 c - a +0 shield (worn)
 o - the +5 scale mail "Cufikhoh" (worn) {rPois}
   (You found it on level 6 of the Dungeon)

   It protects you from poison.
 H - a +0 cloak (worn)
Jewellery
 g - a +6 ring of dexterity (left hand)
 r - a +1 ring of slaying (right hand)
 y - a cursed ring of attention {unknown}
 G - an uncursed ring of wizardry {unknown}
Wands
 l - a wand of iceblast (10)
 u - a wand of random effects (22)
Scrolls
 e - 5 scrolls of magic mapping {unknown}
 h - 2 scrolls of amnesia {unknown}
 i - 2 scrolls of blinking {unknown}
 j - 2 scrolls of fog {unknown}
 k - 3 scrolls of remove curse {unknown}
 n - 2 scrolls of teleportation {unknown}
 p - 3 scrolls of enchant armour {unknown}
 q - 2 scrolls of fear {unknown}
 v - 2 scrolls of immolation {unknown}
 x - 2 scrolls of identify {unknown}
 z - a scroll of vulnerability {unknown}
 D - 2 scrolls of random uselessness {unknown}
 E - a scroll of noise {unknown}
Potions
 s - 3 potions of curing {unknown}
 t - a potion of lignification {unknown}
 w - a potion of ambrosia {unknown}
 A - a potion of resistance {unknown}
 B - a potion of flight {unknown}
 F - 2 potions of haste {unknown}
 I - a potion of agility {unknown}
Comestibles
 m - 4 rations


   Skills:
 - Level 3.6 Fighting
 + Level 12.3 Axes
 - Level 3.2 Armour
 - Level 3.2 Shields
 + Level 9.4 Invocations
 - Level 5.0 Evocations


You had 8 spell levels left.
You didn't know any spells.
Your spell library contained the following spells:

 Spells                   Type           Power        Failure   Level  Hunger
 Beastly Appendage        Tmut           #.....       98%         1    ##.....
 Sticks to Snakes         Tmut           #.......     99%         2    ###....
 Spider Form              Tmut/Pois      #.........   100%        3    ####...
 Ice Form                 Ice/Tmut       #.......     100%        4    #####..
 Blade Hands              Tmut           #.........   100%        5    ######.


Dungeon Overview and Level Annotations

Branches:
Dungeon (8/15)             Temple (1/1) D:4
   Lair: D:8-11

Altars:
Cheibriados
Dithmenos
Fedhas
Gozag
Hepliaklqana
Kikubaaqudgha
Makhleb
Qazlal
Sif Muna
Uskayaw
Vehumet
Wu Jian
Yredelemnul
Zin


Message History

* * * LOW HITPOINT WARNING * * *
The orc warrior closely misses you.
You feel much better.
You feel sick. The orc hits you but does no damage. You block the orc's attack.
The orc warrior closely misses you.
You slash the orc warrior!
You kill the orc warrior!
Makhleb accepts your kill.
You closely miss the orc warrior. You closely miss the orc.
The orc warrior hits you with a cursed +0 halberd!
* * * LOW HITPOINT WARNING * * *
The orc closely misses you.
Unknown command.
Your shield and scale mail "Cufikhoh" prevent you from hitting the orc warrior.
The orc warrior is moderately wounded.
You slash the orc!
You kill the orc!
Makhleb accepts your kill.
You feel sick. The orc hits you but does no damage.
The orc warrior hits you with a cursed +0 halberd!
You die...

.....##...#........#
....................<
.#....................
#..##...##((##........
.........#.## .....##
..... #....## .....#
....) #.(...# ......
......#).#..# .....
......)@.#...#
.....oo)..#..#
.............#
.........##..#
.......... ....
........... ...
#.......... ..
............


You could see an orc warrior and an orc.

Vanquished Creatures
  Menkaure (D:7)
  Edmund (D:6)
  Duvessa (D:6)
  A black bear (D:6)
  2 sky beasts
  2 phantoms
  An ice beast (D:4)
  2 orc warriors
  An ogre (D:5)
  3 centaurs
  2 bullfrogs
  A gnoll sergeant (D:6)
  Dowan (D:6)
  A water moccasin skeleton (D:7)
  3 scorpions
  An electric eel (D:6)
  3 crimson imps
  A quasit (D:7)
  2 bullfrog zombies
  4 orc priests
  A hound (D:6)
  An iguana (D:5)
  6 orc wizards
  4 worker ants
  3 hound zombies (D:5)
  A hound skeleton (D:4)
  10 gnolls
  5 adders
  An ooze (D:6)
  6 worms
  3 dart slugs
  4 leopard geckos
  16 orcs
  5 ball pythons
  9 bats
  5 giant cockroaches
  9 goblins
  5 hobgoblins
  8 jackals
  3 quokkas
  5 frilled lizards
  A jackal skeleton (D:4)
  A jackal zombie (D:5)
  5 kobolds
  7 rats
  A spectral orc (D:3)
159 creatures vanquished.

Notes
Turn   | Place    | Note
-------+----------+-------------------------------------------
     0 | D:1      | HereIgoKillingAgain the Hill Orc Fighter began the quest
                  | for the Orb.
     0 | D:1      | Reached XP level 1. HP: 19/19 MP: 1/1
    68 | D:1      | Reached skill level 3 in Axes
   107 | D:1      | Reached XP level 2. HP: 24/26 MP: 2/2
   497 | D:1      | Reached skill level 4 in Axes
   819 | D:1      | Reached XP level 3. HP: 31/31 MP: 3/3
  1186 | D:2      | Reached skill level 5 in Axes
  1305 | D:2      | Reached XP level 4. HP: 28/39 MP: 4/4
  1354 | D:2      | Reached skill level 6 in Axes
  1939 | D:3      | Reached XP level 5. HP: 18/45 MP: 5/5
  2197 | D:3      | Reached skill level 7 in Axes
  2327 | D:3      | Found a basalt altar of Yredelemnul.
  2387 | D:3      | Reached skill level 1 in Evocations
  2447 | D:3      | Found a blossoming altar of Fedhas.
  2598 | D:3      | Reached XP level 6. HP: 51/51 MP: 7/7
  2747 | D:4      | Noticed an ice beast
  2757 | D:4      | Killed an ice beast
  2920 | D:4      | Found a shadowy altar of Dithmenos.
  2983 | D:4      | Found a staircase to the Ecumenical Temple.
  2999 | Temple   | Entered the Ecumenical Temple
  3088 | Temple   | Became a worshipper of Makhleb the Destroyer
  3178 | D:4      | Reached skill level 8 in Axes
  3178 | D:4      | Reached XP level 7. HP: 57/57 MP: 9/9
  3914 | D:5      | Entered Level 5 of the Dungeon
  3923 | D:5      | Reached skill level 1 in Invocations
  3923 | D:5      | Reached skill level 5 in Evocations
  4052 | D:5      | Reached skill level 9 in Axes
  4052 | D:5      | Reached XP level 8. HP: 38/64 MP: 11/11
  4662 | D:5      | Found a blossoming altar of Fedhas.
  4896 | D:6      | Reached * piety under Makhleb
  4904 | D:6      | Reached skill level 10 in Axes
  4904 | D:6      | Reached skill level 5 in Invocations
  5081 | D:6      | Noticed Duvessa
  5081 | D:6      | Noticed Dowan
  5092 | D:6      | Killed Duvessa
  5108 | D:6      | Killed Dowan
  5265 | D:6      | Noticed Edmund
  5277 | D:6      | Killed Edmund
  5277 | D:6      | Reached XP level 9. HP: 37/70 MP: 12/14
  5292 | D:6      | Reached skill level 11 in Axes
  5402 | D:6      | Got a shimmering scale mail
  5413 | D:6      | Identified the +5 scale mail "Cufikhoh" {rPois} (You found
                  | it on level 6 of the Dungeon)
  6350 | D:7      | Noticed Menkaure
  6355 | D:7      | Killed Menkaure
  6956 | D:8      | Reached skill level 12 in Axes
  7012 | D:8      | Reached ** piety under Makhleb
  7023 | D:8      | Slain by an orc warrior

Vault maps used:
D:1:      minmay_arrival_diagonal_passages
D:2:      minmay_pentomino_o2
D:3:      yredelemnul_forgotten_temple_becter, first_ration,
          fedhas_altar_fruit_tree
D:4:      minmay_temple_entry_waves, nicolae_dithmenos_the_darkroom
D:5:      basic_altar
D:6:      kennysheep_generic_room_9, uniq_edmund, uniq_duvessa
D:7:      uniq_menkaure
D:8:      serial_shops, shop
Temple:   kilobyte_greek_temple

Skill      XL: |  1  2  3  4  5  6  7  8  9 |
---------------+----------------------------+-----
Axes           | 3 4 5 6 7 8 9 10 12 | 12.3
Evocations     | 2 3 5 |  5.0
Invocations    | 2 7 9 |  9.4
Fighting       | |  3.6
Armour         | |  3.2
Shields        | |  3.2

Action                   |  1- 3 |  4- 6 |  7- 9 || total
-------------------------+-------+-------+-------++-------
Melee: War axe           |   133 |   168 |   296 ||   597
Evoke: Wand              |       |     1 |     6 ||     7
  Use: Potion            |       |     1 |     6 ||     7
  Eat: Chunk             |     2 |     2 |     5 ||     9
       Ration            |       |     1 |     2 ||     3
Armor: Scale mail        |    51 |    70 |   137 ||   258
Dodge: Dodged            |    34 |    62 |    78 ||   174
Block: Shield            |    68 |    95 |   140 ||   303

Table legend:
 A = Non-vault XP
 B = Vault XP
 C = Vault XP percentage of total XP
 D = Non-vault monster count
 E = Vault monster count
 F = Vault count percentage of total count
                 A         B        C        D         E       F
            +---------+---------+-------+---------+---------+-------
      Total |    3465 |     558 |  13.9 |     153 |       6 |   3.8
            +---------+---------+-------+---------+---------+-------
        D:1 |      36 |       0 |   0.0 |      19 |       0 |   0.0
        D:2 |     103 |      13 |  11.2 |      22 |       1 |   4.3
        D:3 |     167 |       1 |   0.6 |      30 |       1 |   3.2
        D:4 |     564 |       0 |   0.0 |      23 |       0 |   0.0
        D:5 |     675 |       0 |   0.0 |      17 |       0 |   0.0
        D:6 |     984 |     372 |  27.4 |      25 |       3 |  10.7
        D:7 |     459 |     172 |  27.3 |       7 |       1 |  12.5
        D:8 |     477 |       0 |   0.0 |      10 |       0 |   0.0
            +---------+---------+-------+---------+---------+-------
